 Dungeon Crawl Stone Soup version 0.22-a0-93-g6b88ebb (webtiles) character file.

173 sankara the Sneak (level 5, -4/35 HPs)
             Began as a Vampire Enchanter on Jan 24, 2018.
             Slain by Natasha (9 damage)
             ... on level 2 of the Dungeon.
             The game lasted 00:10:12 (2008 turns).

sankara the Sneak (Vampire Enchanter)               Turns: 2008, Time: 00:10:12

Health: -4/35      AC:  2    Str:  7    XL:     5   Next: 28%
Magic:  10/10      EV: 13    Int: 17    God:
Gold:   116        SH:  0    Dex: 16    Spells: 1/10 levels left

rFire    . . .     SeeInvis +   a - +1 dagger
rCold    . . .     Gourm    .   (no shield)
rNeg     + . .     Faith    .   b - +0 robe
rPois    .         Spirit   .   (no helmet)
rElec    .         Reflect  .   (no cloak)
rCorr    .         Harm     .   (no gloves)
MR       .....                  (no boots)
Stlth    +++.......             (no amulet)
HPRegen  0.11/turn              (no ring)
MPRegen  0.12/turn              (no ring)

@: very slightly contaminated
A: fangs 3, see invisible, unbreathing
a: Bat Form


You were on level 2 of the Dungeon.
You were not thirsty.

You visited 1 branch of the dungeon, and saw 2 of its levels.

You collected 116 gold pieces.

Inventory:

Hand Weapons
 a - a +1 dagger (weapon)
Missiles
 e - 15 poisoned needles
 g - 55 stones (quivered)
Armour
 b - a +0 robe (worn)
Scrolls
 f - 3 scrolls of remove curse
 i - a scroll of blinking {unknown}
 j - a scroll of enchant weapon {unknown}
 k - a scroll of fog {unknown}
 l - a scroll of immolation {unknown}
 m - 3 scrolls of teleportation {unknown}
Potions
 d - 12 potions of blood
Books
 c - a book of Maledictions

   Spells                             Type                      Level
   a - Corona                         Hexes                        1
   b - Ensorcelled Hibernation        Hexes/Ice                    2
   c - Confuse                        Hexes                        3
   d - Tukima's Dance                 Hexes                        3
   e - Dazzling Spray                 Conjuration/Hexes            3


   Skills:
 - Level 1.1 Short Blades
 - Level 2.1 Dodging
 + Level 6.4 Stealth
 + Level 3.3 Spellcasting
 + Level 6.2 Hexes


You had one spell level left.
You knew the following spells:

 Your Spells              Type           Power        Failure   Level  Hunger
a - Corona                Hex            ###....      1%          1    None
b - Ensorcelled Hibernat  Hex/Ice        ##....       7%          2    ##.....
c - Confuse               Hex            ###.....     3%          3    ###....
d - Tukima's Dance        Hex            ###.....     3%          3    ###....


Dungeon Overview and Level Annotations

Branches:
Dungeon (2/15)

Altars:

Annotations:
D:2 Natasha


Innate Abilities, Weirdness & Mutations

You have razor-sharp teeth.
You have supernaturally acute eyesight. (SInv)
You can survive without breathing.


Message History

You closely miss Natasha.
Natasha is moderately wounded.
Natasha barely misses you.
You hit Natasha.
Natasha is heavily wounded.
Natasha closely misses you.
You hit Natasha but do no damage.
Natasha is heavily wounded.
Natasha stares at you and mumbles some strange words.
You resist with some effort.
You hit Natasha but do no damage.
Natasha is heavily wounded.
Natasha claws you.
You closely miss Natasha. Your bite misses Natasha.
Natasha is heavily wounded.
Natasha stares at you and mumbles some strange words.
The magic dart hits you!
* * * LOW HITPOINT WARNING * * *
It was a potion of magic.
Magic courses through your body. Natasha claws you!
You die...

.........# #.....# #...##.##
####..#### #..%..# #####...'..##
#####.######.....####.......#####
...........'%....'..'............
#####.######.....####....#......#
###..### #####.# #...(#......#
#......#######)# #...........#
#......##...##h# #.).........#
#......##...##@######.....#####
#......##........# #.....#
######.####......####.....# #.##
#........##.....# #..#
####'#...##.....# ##.##
#.#...######## #..# #.#...######
##.## #.#........# #..#
#.##.......#


You could see Natasha.

Vanquished Creatures
  Natasha (twice) (D:2)
  A bullfrog skeleton (D:2)
  5 adders (D:2)
  An ooze (D:2)
  2 dart slugs (D:1)
  A leopard gecko (D:1)
  4 giant cockroaches (D:2)
  9 goblins
  5 hobgoblins
  6 kobolds
  2 bats (D:1)
  5 frilled lizards
  2 rats
45 creatures vanquished.

Notes
Turn   | Place    | Note
-------+----------+-------------------------------------------
     0 | D:1      | sankara the Vampire Enchanter began the quest for the Orb.
     0 | D:1      | Reached XP level 1. HP: 13/13 MP: 3/3
   170 | D:1      | Reached XP level 2. HP: 17/19 MP: 5/5
   187 | D:1      | Learned a level 2 spell: Ensorcelled Hibernation
   581 | D:1      | Reached skill level 5 in Stealth
   584 | D:1      | Reached skill level 5 in Hexes
   888 | D:2      | Reached XP level 3. HP: 24/24 MP: 1/6
  1360 | D:2      | Reached XP level 4. HP: 29/30 MP: 8/8
  1660 | D:2      | Noticed Natasha
  1675 | D:2      | Killed Natasha
  1730 | D:2      | Reached XP level 5. HP: 35/35 MP: 9/9
  1785 | D:2      | Learned a level 3 spell: Confuse
  1853 | D:2      | Learned a level 3 spell: Tukima's Dance
  1976 | D:2      | Noticed Natasha
  1983 | D:2      | Killed Natasha
  1990 | D:2      | Noticed Natasha
  2008 | D:2      | Slain by Natasha

Vault maps used:
D:1:      scummos_arrival_simple_crosswalls, serial_bayou_pond_e
D:2:      uniq_natasha

Skill      XL: |  1  2  3  4 |
---------------+-------------+-----
Stealth        | 5 6 |  6.4
Hexes          | 5 6 |  6.2
Spellcasting   | 3 |  3.3
Short Blades   | |  1.1
Dodging        | |  2.1

Action                   |  1- 3 |  4- 6 || total
-------------------------+-------+-------++-------
Melee: Dagger            |   106 |    43 ||   149
       Bite              |    10 |       ||    10
 Cast: Corona            |     2 |       ||     2
       Ensorcelled Hiber |     7 |    19 ||    26
  Use: Potion            |       |     7 ||     7
       Scroll            |       |     1 ||     1
 Stab: Sleeping          |    13 |     9 ||    22
Armor: Robe              |    11 |     2 ||    13
Dodge: Dodged            |    45 |    28 ||    73

Table legend:
 A = Spawn XP
 B = Non-spawn XP
 C = Spawn XP percentage of total XP
 D = Spawn monster count
 E = Non-spawn monster count
 F = Spawn count percentage of total count
 G = Total turns spent on level
                    A         B        C        D         E        F      G
               +---------+---------+-------+---------+---------+-------+---------
         Total |       0 |     248 |   0.0 |       0 |      45 |   0.0 |  2008
               +---------+---------+-------+---------+---------+-------+---------
           D:1 |       0 |      40 |   0.0 |       0 |      21 |   0.0 |   869
           D:2 |       0 |     208 |   0.0 |       0 |      24 |   0.0 |  1139
               +---------+---------+-------+---------+---------+-------+---------
